cohdb
Replays
Latest Replays
All Replays
Popular Replays
Top Player Replays
Match Explorer
How It Works
Community
CoH3 Stats
Reddit
Sign in to upload your games and track your stats! →
Sign in with Steam
Match 42771213
Unlisted
Match 42771213
Overview
Messages
Build Orders
End
Scout Squad
Construct Barracks
Riflemen Squad
Riflemen Squad
Grenade Package
Construct Medical Station
Selects Heavy Weapons
Riflemen Squad
Construct Weapon Support Center
Mechanized Support Center
Porygon
crywo1f
Dima
Arkho
0
0
Comments
sign in to comment!
No comments posted yet!